 Dungeon Crawl Stone Soup version 0.30.0-29-ga12c61a403 (webtiles) character file.

Game seed: 9980731275019518992

195 qw the Chopper (level 5, -1/33 HPs)
             Began as a Gargoyle Fighter on June 4, 2023.
             Slain by Sigmund
             ... wielding a +0 scythe
              (9 damage)
             ... on level 3 of the Dungeon.
             The game lasted 00:00:50 (2008 turns).

qw the Chopper (Gargoyle Fighter)                   Turns: 2008, Time: 00:00:51

Health: -1/33      AC: 10    Str: 21    XL:     5   Next: 74%
Magic:  5/5        EV:  9    Int:  9    God:
Gold:   227        SH:  4    Dex:  9    Spells: 4/4 levels left

rFire   . . .        Y - +0 war axe
rCold   . . .        c - +0 buckler
rNeg    + . .        b - +0 scale mail
rPois   inf          (no helmet)
rElec   +            (no cloak)
rCorr   .            (no gloves)
SInv    .            (no boots)
Will    .....        (no amulet) Stlth
                     (no ring)
HPRegen 0.25/turn    (no ring)
MPRegen 0.09/turn

%: no passive effects
@: no status effects
A: sickness immunity, AC +4, negative energy resistance 1, electricity
resistance, torment resistance 1, petrification resistance
a: no special abilities


You were on level 3 of the Dungeon.
You visited 1 branch of the dungeon, and saw 3 of its levels.

You collected 227 gold pieces.


Innate Abilities, Weirdness & Mutations

You are immune to sickness and miasma.
Your stone body is resilient. (AC +4)
You are immune to poison.
You resist negative energy. (rN+)
You are resistant to electric shocks. (rElec)
You are resistant to unholy torment.
You are immune to petrification.


   Skills:
 + Level 3.8 Fighting
 - Level 5.0 Axes
 - Level 3.2 Armour
 - Level 3.2 Shields


You had 4 spell levels left.
You didn't know any spells.
Your spell library was empty.

Inventory:

Hand Weapons
 g - a +0 mace
 k - a +0 flail
 Y - a +0 war axe (weapon)
Armour
 b - a +0 scale mail (worn)
 c - a +0 buckler (worn)
 i - an orb of light
Scrolls
 f - a scroll of fear {unknown}
 j - a scroll of identify
Potions
 a - a potion of berserk rage {unknown}
 d - 2 potions of might
 e - a potion of cancellation {unknown}
 h - a potion of haste {unknown}

Dungeon Overview and Level Annotations

Branches:
Dungeon (3/15)

Altars:

Shops:
D:3 [

Annotations:
D:3 Sigmund


Message History

Sigmund is lightly wounded.
You barely miss Sigmund.
Sigmund is lightly wounded.
Sigmund smiles chillingly.
Sigmund barely misses you.
You closely miss Sigmund.
Sigmund is lightly wounded.
You block Sigmund's attack.
You hit Sigmund.
Sigmund is lightly wounded.
Sigmund barely misses you.
You hit Sigmund but do no damage.
Sigmund is lightly wounded.
Sigmund hits you but does no damage.
You slash Sigmund!
Sigmund is heavily wounded.
Sigmund gestures wildly while chanting.
Sigmund flickers and vanishes!
Deactivating autopickup; reactivate with Ctrl-A.
You miss something. Something hits you!
You barely miss something. Something hits you but does no damage.
You hit something but do no damage. Something hits you.
You hit something. Something hits you.
You barely miss something. You miss something.
You hear some strange, mumbled words.
A magic dart appears from out of thin air!
The magic dart hits you. Something hits you.
You miss something. Something hits you.
You barely miss something. You barely miss something. Something hits you!
You barely miss something. Something hits you!
You die...

#..##.##.#
#.....##.#
#.######.# #.## ..#
# #.##.##### # #.#
.#..# ######## #.#
... .......####.#
#{# .......#<##.#
#@#
.......#.##.####.###
.######..#....##...#
%# #.##..#.####.#
.######.##..#.##...#
.'.%.##.##..#.##.###
.###.##.....#.##.#
.# #%)#####.#....#
.# ##)# #.######


There were no monsters in sight!

Vanquished Creatures
  A sky beast (D:3)
  A sleepcap (D:3)
  4 gnolls (D:3)
  An adder (D:3)
  A worm (D:2)
  4 ball pythons
  3 endoplasms (D:1)
  A giant cockroach (D:2)
  5 goblins
  2 hobgoblins (D:3)
  2 quokkas
  3 bats
  2 kobolds (D:2)
  4 rats
34 creatures vanquished.

Notes
Turn   | Place    | Note
-------+----------+-------------------------------------------
     0 | D:1      | qw the Gargoyle Fighter began the quest for the Orb.
     0 | D:1      | Reached XP level 1. HP: 14/14 MP: 1/1
     0 | D:1      | 0 ||| qw: Version: 0.2-a-107-g4668610
     0 | D:1      | 0 ||| qw: Game counter: 1255
     0 | D:1      | 0 ||| qw: Always use a shield: true
     0 | D:1      | 0 ||| qw: God list: Okawaru
     0 | D:1      | 0 ||| qw: Allow faded altars: false
     0 | D:1      | 0 ||| qw: Do Orc after D:15 true
     0 | D:1      | 0 ||| qw: Do second Lair branch before Depths: true
     0 | D:1      | 0 ||| qw: Lair rune preference: random
     0 | D:1      | 0 ||| qw: Plans: Normal, Zot:1-4, Slime:5, God:TSO, Crypt,
                  | Tomb, Abyss, Pan, Hells, Win
     0 | D:1      | 0 ||| PLANNING D:1-11
    86 | D:1      | Reached skill level 2 in Axes
   436 | D:1      | Found a faded altar of an unknown god.
   491 | D:1      | Reached XP level 2. HP: 15/19 MP: 2/2
   678 | D:1      | 678 ||| READING scroll labelled VUOWKACIFF.
   679 | D:1      | 679 ||| READING scroll labelled ERIULYQ ACLEPE.
   680 | D:1      | 680 ||| READING scroll labelled TEMNEN UBAAL.
   681 | D:1      | 681 ||| READING 3 scrolls labelled POWUBEILUATS.
   682 | D:1      | 682 ||| READING 2 scrolls of identify.
   682 | D:1      | 682 ||| IDENTIFYING metallic orange potion
   683 | D:1      | 683 ||| DROPPING potion of brilliance.
  1389 | D:2      | 1389 ||| READING scroll labelled FOYJIM KEATOPN.
  1416 | D:3      | Reached skill level 3 in Axes
  1416 | D:3      | Reached XP level 3. HP: 23/23 MP: 3/3
  1511 | D:3      | Found Secviwys's Antique Armour Shop.
  1520 | D:3      | 1520 ||| SHOPLISTING ancient scale mail (189 gold, have
                  | 145).
  1520 | D:3      | 1520 ||| SHOPLISTING faintly humming ring mail (189 gold,
                  | have 145).
  1520 | D:3      | 1520 ||| SHOPLISTING runed buckler (157 gold, have 145).
  1520 | D:3      | 1520 ||| SHOPLISTING scorched leather armour (147 gold,
                  | have 145).
  1646 | D:3      | Reached XP level 4. HP: 24/28 MP: 4/4
  1752 | D:3      | Noticed a sky beast
  1765 | D:3      | Killed a sky beast
  1766 | D:3      | Reached skill level 4 in Axes
  1766 | D:3      | Reached XP level 5. HP: 25/32 MP: 5/5
  1856 | D:3      | Reached skill level 5 in Axes
  1873 | D:3      | 1873 ||| Stepping ~*~*~tactically~*~*~ (hiding).
  1990 | D:3      | Noticed Sigmund
  2007 | D:3      | HP: 8/33 [something (7)]
  2008 | D:3      | Slain by Sigmund

Levels and vault maps discovered:
D:1:      amcnicky_arrival_gap_in_the_tavern_cellar, layout_loops_cross,
          hellmonk_ecumenical_altar_inner_sanctum
D:2:      layout_loops_ring
D:3:      layout_basic, mainiacjoe_overflow_six_doors_small, serial_shops,
          nicolae_diamond_shop, grunt_decor_fettered, uniq_sigmund

Skill      XL: |  1  2  3  4  5 |
---------------+----------------+-----
Axes           | 2 3 4 5 |  5.0
Fighting       | |  3.8
Armour         | |  3.2
Shields        | |  3.2

Action                     |  1- 3 |  4- 6 || total
---------------------------+-------+-------++-------
  Melee: War axe           |    75 |    50 ||   125
    Use: Scroll            |     6 |       ||     6
 Armour: Scale mail        |    26 |    15 ||    41
  Dodge: Dodged            |    28 |    20 ||    48
  Block: Buckler           |     9 |     4 ||    13

Table legend:
 A = Non-vault XP
 B = Vault XP
 C = Vault XP percentage of total XP
 D = Non-vault monster count
 E = Vault monster count
 F = Vault count percentage of total count
                 A         B        C        D         E       F
            +---------+---------+-------+---------+---------+-------
      Total |     279 |       0 |   0.0 |      34 |       0 |   0.0
            +---------+---------+-------+---------+---------+-------
        D:1 |      13 |       0 |   0.0 |       7 |       0 |   0.0
        D:2 |      15 |       0 |   0.0 |       9 |       0 |   0.0
        D:3 |     251 |       0 |   0.0 |      18 |       0 |   0.0
            +---------+---------+-------+---------+---------+-------
